 Dungeon Crawl Stone Soup version 0.29-a0-323-g050149af67 (webtiles) character file.

Game seed: 9310133820841990674

322 Ajdolov the Slasher (level 6, 0/52 HPs)
             Began as a Barachi Monk on Apr 10, 2022.
             Succumbed to a water moccasin's poison
             ... on level 3 of the Dungeon.
             The game lasted 00:03:21 (3307 turns).

Ajdolov the Slasher (Barachi Monk)                  Turns: 3307, Time: 00:03:22

Health: 0/52       AC:  6    Str: 14    XL:     6   Next: 47%
Magic:  6/6        EV: 10    Int: 10    God:
Gold:   303        SH:  0    Dex: 15    Spells: 5/5 levels left

rFire   . . .      SeeInvis .   a - +0 falchion
rCold   . . .      Faith    .   (no shield)
rNeg    . . .      Spirit   .   f - +0 scale mail
rPois   .          Reflect  .   (no helmet)
rElec   .          Harm     .   (no cloak)
rCorr   .          Rampage  .   (no gloves)
Will    .....                   (no boots)
Stlth   +.........              (no amulet)
HPRegen 0.17/turn               (no ring)
MPRegen 0.10/turn               (no ring)

@: lethally poisoned (0 -> -12), unable to hop, slow
A: amphibious, slowness 1, strong legs 1, +LOS
a: Hop


You were on level 3 of the Dungeon.
You visited 1 branch of the dungeon, and saw 4 of its levels.

You collected 303 gold pieces.

Inventory:

Hand Weapons
 a - a +0 falchion (weapon)
Armour
 f - a +0 scale mail (worn)
Scrolls
 b - 2 scrolls of fear {unknown}
 d - a scroll of fog {unknown}
 g - a scroll of torment {unknown}
 h - 2 scrolls of identify {unknown}
 j - a scroll of enchant weapon {unknown}
Potions
 e - a potion of resistance {unknown}


   Skills:
 + Level 5.6 Fighting
 * Level 7.2 Long Blades
 - Level 3.2 Dodging
 - Level 1.7 Stealth


You had 5 spell levels left.
You didn't know any spells.
Your spell library contained the following spells:

 Spells                   Type           Power      Damage    Failure   Level
 Call Canine Familiar     Summ           0%         N/A       99%         3
 Portal Projectile        Hex/Tloc       0%         N/A       99%         3
 Leda's Liquefaction      Hex/Erth       0%         N/A       100%        4


Dungeon Overview and Level Annotations

Branches:
Dungeon (4/15)
 Temple: D:4-7

Altars:
Qazlal
Yredelemnul


Innate Abilities, Weirdness & Mutations

You are amphibious.
You cover ground slowly.
You can hop short distances.
You have an extended range of vision and can be seen from far away.


Message History

You hit the orc but do no damage.
The orc is lightly wounded.
The orc closely misses you. The water moccasin bites you.
You hit the orc.
The orc is heavily wounded.
The orc closely misses you. The water moccasin bites you!
You slash the orc!
You kill the orc!
The water moccasin bites you.
* * * LOW HITPOINT WARNING * * *
You closely miss the water moccasin.
The water moccasin bites you but does no damage. x2
Okay, then.
Hop to where?
Press: ? - help, Dir - move target Boing!
It was a potion of curing.
You feel better. The water moccasin bites you.
* * * LOW HITPOINT WARNING * * *
You are lethally poisoned!
The water moccasin poisons you!
You hit the water moccasin but do no damage.
* * * LOW HITPOINT WARNING * * *
You feel very sick. The water moccasin barely misses you.
The water moccasin bites you!
* * * LOW HITPOINT WARNING * * *
Unknown command.
You feel better. The water moccasin bites you.
* * * LOW HITPOINT WARNING * * *
You are lethally poisoned!
The water moccasin poisons you!
Unknown command.
You slash the water moccasin!
The water moccasin is moderately wounded.
* * * LOW HITPOINT WARNING * * *
You feel very sick. The water moccasin barely misses you.
Unknown command.
You miss the water moccasin.
The water moccasin is moderately wounded.
You die...

#<#...###.##.#
###.#.....#
###.....#.##.#
#.......#
#####.#.##.#
#.......#
#..(.#.#
#......##
###..#.#
#......#
#..#.#
#......#
#..#.#
#......#
#..#.#
########
#..@.# ##.S.#
##.)# #.>#
####


You could see a water moccasin.

Vanquished Creatures
  A sky beast (D:4)
  An ogre (D:3)
  Terence (D:2)
  3 adders
  2 dart slugs
  10 orcs
  4 ball pythons
  7 endoplasms
  4 giant cockroaches
  9 goblins
  4 hobgoblins
  8 jackals
  3 kobolds
  5 quokkas
  4 bats
  4 frilled lizards
  3 rats
73 creatures vanquished.

Notes
Turn   | Place    | Note
-------+----------+-------------------------------------------
     0 | D:1      | Ajdolov the Barachi Monk began the quest for the Orb.
     0 | D:1      | Reached XP level 1. HP: 18/18 MP: 1/1
   129 | D:1      | Reached skill level 4 in Long Blades
   285 | D:1      | Reached XP level 2. HP: 23/25 MP: 2/2
   432 | D:1      | Found a faded altar of an unknown god.
   642 | D:1      | Reached XP level 3. HP: 23/30 MP: 3/3
  1502 | D:2      | Reached skill level 5 in Long Blades
  1770 | D:2      | Reached XP level 4. HP: 38/38 MP: 4/4
  1775 | D:2      | Noticed Terence
  1790 | D:2      | Killed Terence
  2192 | D:3      | Found a basalt altar of Yredelemnul.
  2288 | D:3      | Noticed an ogre
  2306 | D:3      | Killed an ogre
  2307 | D:3      | Reached skill level 5 in Fighting
  2307 | D:3      | Reached skill level 6 in Long Blades
  2307 | D:3      | Reached XP level 5. HP: 21/44 MP: 5/5
  2538 | D:3      | Found a stormy altar of Qazlal.
  2982 | D:4      | Noticed a sky beast
  3088 | D:4      | Reached XP level 6. HP: 43/51 MP: 6/6
  3213 | D:4      | Killed a sky beast
  3214 | D:4      | Reached skill level 7 in Long Blades
  3274 | D:4      | Noticed a water moccasin
  3304 | D:3      | HP: 2/52 [water moccasin (7)]
  3307 | D:3      | Succumbed to a water moccasin's poison

Illustrated notes

Levels and vault maps discovered:
D:1:      lemuel_arrival_room, layout_rooms,
          hellmonk_ecumenical_altar_arch_garden
D:2:      layout_rooms, chequers_mini_garden, uniq_terence
D:3:      layout_basic, yredelemnul_altar_generic,
          mainiacjoe_overflow_six_doors_small
D:4:      layout_rooms, tgw_sif, mainiacjoe_overflow_24_doors, serial_rivers,
          chequers_serial_rivers_small_a, chequers_serial_rivers_small_a,
          chequers_serial_rivers_micro_b, chequers_serial_rivers_micro_e,
          chequers_serial_rivers_room_b, st_stairs_7, nicolae_take_the_stairs,
          uniq_edmund

Skill      XL: |  1  2  3  4  5  6 |
---------------+-------------------+-----
Long Blades    | 4 5 6 7 |  7.2
Fighting       | 4 5 |  5.6
Dodging        | |  3.2
Stealth        | |  1.7

Action                   |  1- 3 |  4- 6 || total
-------------------------+-------+-------++-------
Melee: Falchion          |   126 |   150 ||   276
       Punch             |       |     2 ||     2
 Abil: Hop               |       |     1 ||     1
  Use: Potion            |       |     3 ||     3
 Stab: Sleeping          |     1 |       ||     1
Armor: Robe              |     9 |       ||     9
       Ring mail         |     9 |       ||     9
       Scale mail        |     6 |    56 ||    62
Dodge: Dodged            |    89 |    77 ||   166

Table legend: (Time is in decaauts)
 A = Elapsed time spent in this place.
 B = Non-inter-level travel time spent in this place.
 C = Inter-level travel time spent in this place.
 D = Time resting spent in this place.
 E = Time spent auto-exploring this place.
 F = Levels seen in this place.
 G = Mean time per level.
                   A        B        C        D        E       F      G
               +--------+--------+--------+--------+--------+-----+--------+
         Total |   3573 |   3476 |     97 |      0 |   2862 |   4 |  893.2 |
       Dungeon |   3573 |   3476 |     97 |      0 |   2862 |   4 |  893.2 |
               +--------+--------+--------+--------+--------+-----+--------+

Top non-repeatable levels by time:
     D:1: 1159 daAuts
     D:3: 1107 daAuts
     D:2: 997 daAuts
     D:4: 309 daAuts
